 Dungeon Crawl Stone Soup version 0.30-b1-2-g02819fbbbe (webtiles) character file.

Game seed: 7152622553232362790

39 LordXaan the Magician (level 3, 0/19 HPs)
             Began as a Deep Elf Conjurer on July 11, 2023.
             Slain by Robin
             ... wielding a +0 spear
              (4 damage)
             ... on level 2 of the Dungeon.
             The game lasted 00:01:39 (1325 turns).

LordXaan the Magician (Deep Elf Conjurer)           Turns: 1325, Time: 00:01:40

Health: 0/19       AC:  2    Str:  4    XL:     3   Next: 28%
Magic:  8/11       EV: 12    Int: 24    God:
Gold:   49         SH:  0    Dex: 13    Spells: 11/12 levels left

rFire   . . .        (no weapon)
rCold   . . .        (no shield)
rNeg    . . .        a - +0 robe
rPois   .            (no helmet)
rElec   .            (no cloak)
rCorr   .            (no gloves)
SInv    .            (no boots)
Will    .....        (no amulet)
Stlth   ++           (no ring)
HPRegen 0.23/turn    (no ring)
MPRegen 0.12/turn

%: no passive effects
@: no status effects
A: no striking features
a: no special abilities


You were on level 2 of the Dungeon.
You visited 1 branch of the dungeon, and saw 2 of its levels.

You collected 49 gold pieces.


   Skills:
 - Level 2.4 Dodging
 - Level 2.4 Stealth
 - Level 5.0 Spellcasting
 + Level 4.6 Conjurations


You had 11 spell levels left.
You knew the following spells:

 Your Spells              Type           Power      Damage    Failure   Level
m - Magic Dart            Conj           100%       1d8       1%          1

Your spell library contained the following spells:

 Spells                   Type           Power      Damage    Failure   Level
 Searing Ray              Conj           56%        2d6       1%          2
 Freeze                   Ice            24%        1d4       9%          1
 Dazzling Flash           Conj/Hex       34%        N/A       11%         3
 Hailstorm                Conj/Ice       17%        3d6       11%         3
 Frozen Ramparts          Ice            12%        1d2       26%         3
 Fulminant Prism          Conj/Hex       8%         3d7       34%         4
 Iskenderun's Mystic Bla  Conj/Tloc      17%        2d5       34%         4

Inventory:

Missiles
 d - 18 stones
Armour
 a - a +0 robe (worn)
 j - a +0 helmet
   (You found it on level 2 of the Dungeon)
Jewellery
 g - an amulet of regeneration
   (You found it on level 1 of the Dungeon)
Scrolls
 e - a scroll of identify {unknown}
 i - a scroll of blinking {unknown}
Potions
 b - a potion of magic
 c - a potion of brilliance {unknown}
 f - a potion of cancellation {unknown}
 h - a potion of heal wounds {unknown}

Dungeon Overview and Level Annotations

Branches:
Dungeon (2/15) Zot: 10674

Altars:

Annotations:
D:2 Robin

#.#### #.....
#.#### ## #.#...
.. .### #.#...
.).### ..#
####.#<..
..g.g####.#
#....#...
#g).##.###
#....#... #@)....#
#..).####
####.#.###........
#.............†
###.###########
#..######
##......# #....†.#
#.........
#......###


You could see Robin and 2 goblins.


Message History

Your Spellcasting skill increases to level 5!
You need to enable at least one skill for training. 😎 MP[-1]
You lost 1 mp, and now have 9/11 mp.
The magic dart hits the goblin.
The goblin shouts! 😎 MP[-1]
You lost 1 mp, and now have 8/11 mp.
The magic dart hits the goblin.
You kill the goblin!
A goblin comes into view. It is wielding a +0 club. 😎 MP[-1]
You lost 1 mp, and now have 7/11 mp.
The magic dart hits the goblin!
You kill the goblin!
The goblin shouts!
A rat comes into view. 😎 MP[-1]
You lost 1 mp, and now have 6/11 mp.
The magic dart hits the goblin. 😎 MP[-1]
You lost 1 mp, and now have 5/11 mp.
The magic dart hits the goblin!
You kill the goblin!
Robin of the Strong Arm comes into view.
They are wielding a +0 spear.
A goblin comes into view. It is wielding a +0 club. 😎 MP[-1]
You lost 1 mp, and now have 4/11 mp.
The magic dart hits the goblin.
Robin throws the goblin at you!
The goblin hits you with a +0 club. 😕 HP[-4]
You take 4 damage, and now have 15/19 hp.
MASSIVE DAMAGE!! (PAUSE) Unknown command.
The magic dart hits the goblin.
You kill the goblin!
A goblin comes into view. It is wielding a +0 dagger.
Robin throws the goblin at you! 😕 MP[-1]
You lost 1 mp, and now have 3/11 mp.
The magic dart hits the goblin.
The goblin shouts!
The goblin barely misses you. 😕 MP[-1]
You lost 1 mp, and now have 2/11 mp.
The magic dart hits the goblin!
You kill the goblin!
Robin roars a battlecry!
The goblin goes into a battle-frenzy!
A goblin comes into view. It is wielding a +0 club.
The goblin hits you with a +0 dagger. 😮 HP[-1] MP[-1]
You take 1 damage, and now have 14/19 hp.
You lost 1 mp, and now have 1/11 mp.
You are too injured to fight recklessly!
You are too injured to fight recklessly!
Unknown command.
You barely miss the goblin.
A goblin comes into view. It is wielding a +0 club.
The goblin hits you with a +0 dagger.
* * * LOW HITPOINT WARNING * * *
😨 HP[-6]
You take 6 damage, and now have 8/19 hp.
MASSIVE DAMAGE!! (PAUSE) Magic courses through your body.
The rat bites you but does no damage. The goblin barely misses you. 😨 MP[+10]
Your mp is fully restored (11).
Casting: Magic Dart (safe; 1% risk of failure)
Confirm with . or Enter, or press ? or * to list all spells.
Aiming: Magic Dart (safe; 1% risk of failure)
Press: ? - help, Shift-Dir - straight line, f - rat
Aim: a rat (100% to hit)
The magic dart hits the rat.
You kill the rat!
The goblin hits you but does no damage. 😨 MP[-1]
You lost 1 mp, and now have 10/11 mp.
Casting: Magic Dart (safe; 1% risk of failure)
Confirm with . or Enter, or press ? or * to list all spells.
Aiming: Magic Dart (safe; 1% risk of failure)
Press: ? - help, Shift-Dir - straight line, f - goblin
Aim: a goblin, wielding a +0 dagger (moderately wounded, strong, 100% to hit)
The magic dart hits the goblin.
You kill the goblin!
Robin hits you from afar with a +0 spear.
* * * LOW HITPOINT WARNING * * *
😱 HP[-4] MP[-1]
You take 4 damage, and now have 4/19 hp.
MASSIVE DAMAGE!! (PAUSE)
You lost 1 mp, and now have 9/11 mp.
Casting: Magic Dart (safe; 1% risk of failure)
Confirm with . or Enter, or press ? or * to list all spells.
Aiming: Magic Dart (safe; 1% risk of failure)
Press: ? - help, Shift-Dir - straight line, f - Robin
Aim: Robin, wielding a +0 spear, wearing a +0 animal skin and wearing a +0 helmet (100% to hit)
The magic dart hits Robin.
Robin's horned helmet rattles.
Robin hits you from afar with a +0 spear.
You die...

Skill      XL: |  1  2  3 |
---------------+----------+-----
Spellcasting   | 4 5 |  5.0
Dodging        | |  2.4
Stealth        | |  2.4
Conjurations   | |  4.6

Action                     || total
---------------------------++-------
  Melee: Unarmed           ||     1
   Cast: Magic Dart        ||    57
    Use: Potion            ||     1
 Armour: Robe              ||     3
  Dodge: Dodged            ||     3

Levels and vault maps discovered:
D:1:      minmay_arrival_widening_spiral_wide, layout_loops_ring
D:2:      layout_basic, uniq_robin

Notes
Turn   | Place    | Note
-------+----------+-------------------------------------------
     0 | D:1      | LordXaan the Deep Elf Conjurer began the quest for the Orb.
     0 | D:1      | Reached XP level 1. HP: 10/10 MP: 6/6
     0 | D:1      | magus.rc [v1.11.6]
   435 | D:1      | You add the spells Freeze, Frozen Ramparts and Hailstorm to
                  | your library.
   455 | D:1      | Reached skill level 4 in Spellcasting
   455 | D:1      | Reached XP level 2. HP: 15/15 MP: 3/9
  1248 | D:2      | Reached XP level 3. HP: 19/19 MP: 9/11
  1312 | D:2      | Reached skill level 5 in Spellcasting
  1316 | D:2      | Noticed Robin
  1324 | D:2      | HP: 4/19 [Robin/+0 spear (5)]
  1325 | D:2      | Slain by Robin

Vanquished Creatures
  A dart slug (D:1)
  2 endoplasms
  13 goblins
  A hobgoblin (D:1)
  2 jackals (D:1)
  4 kobolds (D:1)
  A ball python (D:1)
  5 bats
  5 rats
34 creatures vanquished.

Table legend:
 A = Non-vault XP
 B = Vault XP
 C = Vault XP percentage of total XP
 D = Non-vault monster count
 E = Vault monster count
 F = Vault count percentage of total count
                 A         B        C        D         E       F
            +---------+---------+-------+---------+---------+-------
      Total |      44 |      13 |  22.8 |      27 |       7 |  20.6
            +---------+---------+-------+---------+---------+-------
        D:1 |      37 |       0 |   0.0 |      22 |       0 |   0.0
        D:2 |       7 |      13 |  65.0 |       5 |       7 |  58.3
            +---------+---------+-------+---------+---------+-------

Skill      XL: |  1  2  3 |
---------------+----------+-----
Spellcasting   | 4 5 |  5.0
Dodging        | |  2.4
Stealth        | |  2.4
Conjurations   | |  4.6

Action                     || total
---------------------------++-------
  Melee: Unarmed           ||     1
   Cast: Magic Dart        ||    57
    Use: Potion            ||     1
 Armour: Robe              ||     3
  Dodge: Dodged            ||     3

Illustrated notes

Table legend:
 A = Kills in this place as a percentage of kills in the entire game.
 B = Kills by you in this place as a percentage of kills by you in the entire game.
 C = Kills by friends in this place as a percentage of kills by friends in the entire game.
 D = Other kills in this place as a percentage of other kills in the entire game.
 E = Experience gained in this place as a percentage of experience gained in the entire game.
 F = Experience gained in this place divided by the number of levels of this place that you have seen.
                   A       B       C       D       E      F
               +-------+-------+-------+-------+-------+----------------------
         Total | 100.0 | 100.0 |   N/A |   N/A | 100.0 |  28.5
       Dungeon | 100.0 | 100.0 |   N/A |   N/A | 100.0 |  28.5
               +-------+-------+-------+-------+-------+----------------------

Table legend: (Time is in decaauts)
 A = Elapsed time spent in this place.
 B = Non-inter-level travel time spent in this place.
 C = Inter-level travel time spent in this place.
 D = Time resting spent in this place.
 E = Time spent auto-exploring this place.
 F = Levels seen in this place.
 G = Mean time per level.
                   A        B        C        D        E       F      G
               +--------+--------+--------+--------+--------+-----+--------+
         Total |   1324 |   1268 |     56 |    136 |   1027 |   2 |  662.0 |
       Dungeon |   1324 |   1268 |     56 |    136 |   1027 |   2 |  662.0 |
               +--------+--------+--------+--------+--------+-----+--------+

Top non-repeatable levels by time:
     D:1: 1224 daAuts
     D:2: 100 daAuts
